 Dungeon Sprint DCSS version 0.25-a0-565-g8875c97ebb (webtiles) character file.

Game seed: 7132337070440442895, levelgen mode: deterministic

5855 Mobile the Peltast (level 10, -7/77 HPs)
             Began as an Octopode Fighter on Feb 26, 2020.
             Was an Initiate of Gozag.
             Mangled by a death yak (24 damage)
             ... in the Dungeon (Sprint IX: "|||||||||||||||||||||||||||||").
             The game lasted 00:11:45 (1911 turns).

Mobile the Peltast (Octopode Fighter)               Turns: 1911, Time: 00:11:46

Health: -7/77      AC:  3    Str: 16    XL:     10   Next: 81%
Magic:  10/10      EV: 20    Int: 15    God:    Gozag
Gold:   2650       SH: 13    Dex: 13    Spells: 9/9 levels left

rFire    . . .     SeeInvis .   o - +2 scimitar (flame)
rCold    . . .     Gourm    .   b - +0 kite shield
rNeg     . . .     Faith    .   (helmet restricted)
rPois    .         Spirit   .   (no amulet)
rElec    .         Reflect  .   q - +2 ring of protection
rCorr    .         Harm     .   p - +3 ring of intelligence
MR       .....     NoTele   +   (no ring)
Stlth    ++........             (no ring)
HPRegen  0.22/turn              (no ring)
MPRegen  0.12/turn              (no ring)
                                (no ring)
                                (no ring)

@: mighty, gold aura
A: almost no armour, stealthy swim, amphibious, 8 rings, constrict 8, camouflage
1, gelatinous body 1
a: Potion Petition, Call Merchant, Bribe Branch, Renounce Religion


You were in the Dungeon.
You worshipped Gozag.
Gozag was most pleased with you.
You were not hungry.

You visited 1 branch You collected 2650 gold pieces.

Inventory:

Hand Weapons
 a - a +0 long sword
 k - the +6 arbalest "Damnation" {damnation}
   (You found it in the Dungeon)
 o - a +2 scimitar of flaming (weapon)
Armour
 b - a +0 kite shield (worn)
Jewellery
 p - a +3 ring of intelligence (right tentacle)
 q - a +2 ring of protection (left tentacle)
Scrolls
 j - 2 scrolls of blinking
 l - 4 scrolls of remove curse
 m - 2 scrolls of amnesia
 r - 2 scrolls of enchant armour
 s - a scroll of identify
Potions
 e - 6 potions of curing
 f - 5 potions of heal wounds
 g - a potion of haste
 h - 4 potions of magic


   Skills:
 + Level 10.6 Fighting
 + Level 13.0 Long Blades
 - Level 12.0 Dodging
 - Level 15.0 Shields


You had 9 spell levels left.
You didn't know any spells.
Your spell library was empty.

Dungeon Overview and Level Annotations

Branches:
Dungeon (1/1)

Altars:
Cheibriados
Dithmenos
Elyvilon
Fedhas
Gozag
Hepliaklqana
Kikubaaqudgha
Makhleb
Nemelex Xobeh
Okawaru
Qazlal
Ru
Sif Muna
Trog
Uskayaw
Vehumet
Wu Jian
Xom
Yredelemnul
Zin
The Shining One
Beogh
Jiyva
Lugonu


Innate Abilities, Weirdness & Mutations

You cannot wear most types of armour.
You are very stealthy in the water. (Stealth+)
You are amphibious.
You can wear up to eight rings at the same time.
You can use your tentacles to constrict eight enemies at once.
Your skin changes colour to match your surroundings (Stealth+).
Your rubbery body absorbs attacks. (AC +1, EV +1)


Message History

The death yak is moderately wounded.
The death yak gores you!!
You are too injured to fight recklessly!
You are too injured to fight recklessly!
You are too injured to fight recklessly!
You hit the death yak. You burn the death yak.
Your squeeze misses the death yak.
The death yak is moderately wounded.
You block the death yak's attack.
You hit the death yak. You burn the death yak.
The death yak is moderately wounded.
You slice the death yak!! You burn the death yak!
The death yak is severely wounded.
The death yak gores you!
* * * LOW HITPOINT WARNING * * *
You slash the death yak! You burn the death yak.
The death yak is almost dead.
The death yak gores you!!
You die...
Your body crumbles into a pile of gold.

▓▓▓▓▓▓▓▓▓▓▓▓▓▓▓▓▓▓▓▓
__'.....+.Y...Y$§§<▓
▓▓▓▓▓▓▓▓▓▓▓▓▓▓▓▓▓▓▓▓
................@Y.▓
▓▓▓▓▓▓▓▓▓▓▓▓▓▓▓▓▓▓.▓
...[Y......YY......▓
▓▓▓▓▓▓▓▓▓▓▓▓▓▓▓▓▓▓▓▓


$$$$$ You could see a death yak.

Vanquished Creatures
  A hydra (D)
  A catoblepas (D)
  2 death yaks (D)
  2 spiny frogs (D)
  A kobold demonologist (D)
  A komodo dragon (D)
  A troll (D)
  A blink frog (D)
  A hippogriff (D)
  3 yaks (D)
  A wyvern (D)
  2 water moccasins (D)
  A porcupine (D)
  A sky beast (D)
  An eye of draining (D)
  A wolf (D)
  A centaur (D)
  2 crocodiles (D)
  3 bullfrogs (D)
  A crimson imp (D)
  An iguana (D)
  2 adders (D)
  A shadow imp (D)
  A dart slug (D)
  2 orcs (D)
  A bat zombie (D)
  2 goblins (D)
  A kobold (D)
  A frilled lizard (D)
  A giant cockroach zombie (D)
  A jackal zombie (D)
  A quokka zombie (D)
43 creatures vanquished.

Notes
Turn   | Place    | Note
-------+----------+-------------------------------------------
     0 | D        | Mobile the Octopode Fighter began the quest for the Orb.
     0 | D        | Reached XP level 1. HP: 16/16 MP: 1/1
    12 | D        | Reached XP level 2. HP: 20/22 MP: 2/2
    27 | D        | Reached skill level 5 in Long Blades
    27 | D        | Reached XP level 3. HP: 25/27 MP: 3/3
    35 | D        | Found a roughly hewn altar of Beogh.
    35 | D        | Found a snail-covered altar of Cheibriados.
    35 | D        | Found a shadowy altar of Dithmenos.
    35 | D        | Found a white marble altar of Elyvilon.
    35 | D        | Found a blossoming altar of Fedhas.
    35 | D        | Found an opulent altar of Gozag.
    36 | D        | Found a hazy altar of Hepliaklqana.
    37 | D        | Found a viscous altar of Jiyva.
    38 | D        | Found an ancient bone altar of Kikubaaqudgha.
    39 | D        | Found a corrupted altar of Lugonu.
    40 | D        | Found a burning altar of Makhleb.
    41 | D        | Found a sparkling altar of Nemelex Xobeh.
    42 | D        | Found an iron altar of Okawaru.
    43 | D        | Found a stormy altar of Qazlal.
    45 | D        | Became a worshipper of Gozag Ym Sagoz the Greedy
    47 | D        | Found a sacrificial altar of Ru.
    48 | D        | Found a shimmering blue altar of Sif Muna.
    49 | D        | Found a bloodstained altar of Trog.
    50 | D        | Found a hide-covered altar of Uskayaw.
    51 | D        | Found a radiant altar of Vehumet.
    52 | D        | Found an ornate altar of the Wu Jian Council.
    53 | D        | Found a shimmering altar of Xom.
    54 | D        | Found a basalt altar of Yredelemnul.
    55 | D        | Found a glowing silver altar of Zin.
    56 | D        | Found a glowing golden altar of the Shining One.
    88 | D        | Noticed a sky beast
    88 | D        | Noticed an eye of draining
    89 | D        | Reached skill level 5 in Fighting
    89 | D        | Reached XP level 4. HP: 35/35 MP: 4/4
   102 | D        | Killed an eye of draining
   102 | D        | Reached XP level 5. HP: 43/43 MP: 1/5
   116 | D        | Killed a sky beast
   116 | D        | Reached skill level 10 in Long Blades
   116 | D        | Reached XP level 6. HP: 50/50 MP: 2/6
   137 | D        | Noticed a wyvern
   137 | D        | Noticed a kobold demonologist
   137 | D        | Noticed a troll
   154 | D        | Killed a troll
   154 | D        | Reached XP level 7. HP: 21/57 MP: 7/7
   157 | D        | Killed a kobold demonologist
   157 | D        | Reached skill level 6 in Shields
   163 | D        | Killed a wyvern
   163 | D        | Reached XP level 8. HP: 25/63 MP: 8/8
   167 | D        | Reached skill level 7 in Shields
   469 | D        | Found the +6 arbalest "Damnation" {damnation}
   502 | D        | Noticed a yak
   502 | D        | Noticed a yak
   502 | D        | Noticed a komodo dragon
   503 | D        | Noticed a seven-headed hydra
   507 | D        | Noticed a hippogriff
   513 | D        | Killed a komodo dragon
   513 | D        | Reached skill level 8 in Shields
   516 | D        | HP: 3/63 [six-headed hydra (11)]
   521 | D        | Reached skill level 9 in Shields
   523 | D        | Killed a five-headed hydra
   523 | D        | Reached skill level 10 in Dodging
   523 | D        | Reached skill level 10 in Shields
   523 | D        | Reached XP level 9. HP: 27/68 MP: 9/9
   532 | D        | Reached skill level 11 in Shields
   819 | D        | Noticed a spiny frog
   819 | D        | Noticed a catoblepas
   872 | D        | Reached skill level 12 in Shields
   881 | D        | Killed a catoblepas
   881 | D        | Reached skill level 13 in Shields
   881 | D        | Reached XP level 10. HP: 11/74 MP: 10/10
  1010 | D        | Killed a spiny frog
  1010 | D        | Reached skill level 14 in Shields
  1015 | D        | Noticed a spiny frog
  1246 | D        | Killed a spiny frog
  1291 | D        | Reached skill level 15 in Shields
  1301 | D        | Noticed a death yak
  1301 | D        | Noticed a death yak
  1301 | D        | Noticed a catoblepas
  1301 | D        | Noticed a death yak
  1301 | D        | Noticed a death yak
  1491 | D        | Killed a death yak
  1845 | D        | Noticed a catoblepas
  1846 | D        | Reached skill level 10 in Fighting
  1904 | D        | Killed a death yak
  1911 | D        | Mangled by a death yak

Levels and vault maps discovered:
D:        linesprint [early_d, line_temple, items_1, d_10, items_2, lair_1,
          lair_end, items_3, orc_1, orc_end, items_4, d_15, swamp_1, shoals_1,
          snake_1, spider_1, d_20, vaults_1, items_5, swamp_end, shoals_end,
          snake_end, spider_end, vaults_end, d_27, items_6, zot_1, zot_end,
          crypt_end, forest_end, elf_end, slime_end, tomb_end, abyss_end,
          pan_hell_end]

Skill      XL: |  1  2  3  4  5  6  7  8  9 10 |
---------------+-------------------------------+-----
Long Blades    | 3 5 6 9 10 12 13 | 13.0
Fighting       | 4 5 7 9 10 | 10.6
Dodging        | 6 10 12 | 12.0
Shields        | 6 10 13 15 | 15.0

Action                   |  1- 3 |  4- 6 |  7- 9 | 10-12 || total
-------------------------+-------+-------+-------+-------++-------
Melee: Long sword        |    18 |       |       |       ||    18
       Constrict         |     6 |     2 |     6 |     4 ||    18
       Tentacles         |     4 |     5 |    11 |    18 ||    38
       Scimitar          |       |    19 |    50 |    52 ||   121
Evoke: Wand              |       |     4 |     6 |       ||    10
  Use: Potion            |       |     1 |     3 |     3 ||     7
       Scroll            |       |       |     1 |     1 ||     2
 Stab: Invisible         |       |     1 |     1 |       ||     2
       Petrified         |       |       |       |     1 ||     1
  Eat: Ration            |       |       |       |     1 ||     1
Armor: Skin              |     1 |     2 |     2 |       ||     5
Dodge: Dodged            |     6 |    14 |    15 |    17 ||    52
Block: Kite shield       |     6 |     6 |    21 |    11 ||    44
       Rpst.: Long sword |     2 |       |       |       ||     2
       Scimitar          |       |       |     4 |     7 ||    11

Table legend:
 A = Non-vault XP
 B = Vault XP
 C = Vault XP percentage of total XP
 D = Non-vault monster count
 E = Vault monster count
 F = Vault count percentage of total count
                 A         B        C        D         E       F
            +---------+---------+-------+---------+---------+-------
      Total |       0 |    8365 | 100.0 |       0 |      43 | 100.0
            +---------+---------+-------+---------+---------+-------
          D |       0 |    8365 | 100.0 |       0 |      43 | 100.0
            +---------+---------+-------+---------+---------+-------
